 Dungeon Crawl Stone Soup version 0.23.2-1-ga50397a6bc (webtiles) character file.

Game seed: 12081129937124446985

150 Mrkan the Chopper (level 5, 0/46 HPs)
             Began as a Hill Orc Monk on May 13, 2019.
             Slain by Crazy Yiuf
             ... wielding a +3 quarterstaff of chaos
              (1 damage)
             ... on level 3 of the Dungeon.
             The game lasted 00:07:01 (2725 turns).

Mrkan the Chopper (Hill Orc Monk)                   Turns: 2725, Time: 00:07:02

Health: 0/46       AC: 10    Str: 15    XL:     5   Next: 32%
Magic:  5/5        EV: 10    Int: 10    God:
Gold:   200        SH:  0    Dex: 13    Spells: 4/4 levels left

rFire    . . .     SeeInvis .   a - +0 hand axe
rCold    + . .     Gourm    .   (no shield)
rNeg     . . .     Faith    .   j - +3 scale mail {rC+}
rPois    .         Spirit   .   (no helmet)
rElec    .         Reflect  .   k - +0 cloak
rCorr    .         Harm     .   (no gloves)
MR       .....                  (no boots)
Stlth    ..........             (no amulet)
HPRegen  0.15/turn              (no ring)
MPRegen  0.09/turn              (no ring)

@: no status effects
A: no striking features
a: no special abilities


You were on level 3 of the Dungeon.
You were hungry.

You visited 1 branch of the dungeon, and saw 4 of its levels.

You collected 200 gold pieces.

Inventory:

Hand Weapons
 a - a +0 hand axe (weapon)
Missiles
 m - 3 poisoned needles
Armour
 h - a +0 leather armour
 j - a +3 scale mail of cold resistance (worn)
 k - a +0 cloak (worn)
Jewellery
 b - an uncursed ring of poison resistance {unknown}
 n - an uncursed ring of flight {unknown}
 o - an uncursed ring of flight {unknown}
Scrolls
 d - 5 scrolls of identify
 f - a scroll of teleportation
 g - a scroll of fog {unknown}
 i - 2 scrolls of remove curse
 l - a scroll of fear {unknown}
Potions
 e - a potion of curing {unknown}
 p - a potion of resistance {unknown}
Comestibles
 c - 6 rations


   Skills:
 + Level 4.2 Fighting
 * Level 6.5 Axes
 * Level 2.3 Armour
 - Level 2.4 Dodging
 - Level 1.5 Stealth


You had 4 spell levels left.
You didn't know any spells.
Your spell library was empty.

Dungeon Overview and Level Annotations

Branches:
Dungeon (4/15)
 Temple: D:4-7

Altars:
Okawaru
Ru
Uskayaw

Annotations:
D:3 Crazy Yiuf


Message History

Crazy Yiuf is moderately wounded.
Crazy Yiuf hits you with a +3 quarterstaff of chaos.
* * * LOW HITPOINT WARNING * * *
You barely miss Crazy Yiuf.
Crazy Yiuf is moderately wounded.
Crazy Yiuf says, "Lay!"
Crazy Yiuf hits you but does no damage.
You barely miss Crazy Yiuf.
Crazy Yiuf is moderately wounded.
Crazy Yiuf hits you with a +3 quarterstaff of chaos.
* * * LOW HITPOINT WARNING * * *
You hit Crazy Yiuf.
Crazy Yiuf is moderately wounded.
Crazy Yiuf barely misses you.
You hit Crazy Yiuf but do no damage.
Crazy Yiuf is moderately wounded.
Crazy Yiuf hits you with a +3 quarterstaff of chaos!
* * * LOW HITPOINT WARNING * * *
Crazy Yiuf burns you.
You die...

####......# #.###.......#
#......# #.########### #......#
#.#.........# ##......#
#.#.........# ##.......#
#...........# ### ##...#....#
#...........# ##..
##...###...###...........# ##..#
#...........##.#g........###..#.
#..#.).).#.....@....#######..#..
#.##.._..##.........######..#.#.
#..#.).).#.............##..#...#
#...........##.####....#.^#.#.#.
##...###...###.# #....#.#...#..
#.....#.(..# #.# #....'..#.#.#.
#.........># #.# #....'...#.#.#
#.......#..###.# #....'..#.#.#.
#....[......#..# #....#.#...#..


You could see Crazy Yiuf.

Vanquished Creatures
  Terence (D:2)
  Jessica (D:2)
  Ijyb (D:3)
  An adder (D:2)
  An ooze (D:2)
  A worm (D:3)
  A dart slug (D:1)
  2 leopard geckos
  5 giant cockroaches
  4 goblins
  5 hobgoblins
  5 jackals (D:2)
  A ball python (D:2)
  10 bats
  A frilled lizard (D:1)
  8 kobolds
  5 rats
53 creatures vanquished.

Notes
Turn   | Place    | Note
-------+----------+-------------------------------------------
     0 | D:1      | Mrkan the Hill Orc Monk began the quest for the Orb.
     0 | D:1      | Reached XP level 1. HP: 19/19 MP: 1/1
   233 | D:1      | Reached XP level 2. HP: 22/27 MP: 2/2
  1073 | D:2      | Noticed Terence
  1114 | D:2      | Killed Terence
  1114 | D:2      | Reached skill level 5 in Axes
  1114 | D:2      | Reached skill level 1 in Armour
  1114 | D:2      | Reached XP level 3. HP: 4/33 MP: 3/3
  1132 | D:2      | HP: 1/33 [goblin (1)]
  1453 | D:2      | Noticed Jessica
  1482 | D:2      | Killed Jessica
  1482 | D:2      | Reached XP level 4. HP: 7/40 MP: 4/4
  1707 | D:2      | Reached skill level 6 in Axes
  1996 | D:2      | Reached XP level 5. HP: 46/46 MP: 5/5
  2191 | D:3      | Noticed Ijyb
  2199 | D:3      | Paralysed by Ijyb for 5 turns
  2212 | D:3      | Paralysed by Ijyb for 4 turns
  2229 | D:3      | Killed Ijyb
  2238 | D:3      | Found an iron altar of Okawaru.
  2344 | D:3      | Found a hide-covered altar of Uskayaw.
  2438 | D:3      | Found a sacrificial altar of Ru.
  2644 | D:3      | Found a runed translucent door.
  2645 | D:3      | Noticed Crazy Yiuf
  2725 | D:3      | HP: 1/46 [Crazy Yiuf/+3 quarterstaff of chaos (7)]
  2725 | D:3      | Slain by Crazy Yiuf

Skill      XL: |  1  2  3  4 |
---------------+-------------+-----
Fighting       | 4 |  4.2
Axes           | 5 6 |  6.5
Armour         | 1 2 |  2.3
Dodging        | |  2.4
Stealth        | |  1.5

Action                   |  1- 3 |  4- 6 || total
-------------------------+-------+-------++-------
Melee: Hand axe          |   154 |   128 ||   282
  Use: Scroll            |       |     2 ||     2
 Stab: Sleeping          |     6 |     2 ||     8
  Eat: Ration            |     1 |       ||     1
       Chunk             |       |     2 ||     2
Armor: Robe              |    10 |       ||    10
       Leather armour    |    24 |    24 ||    48
       Scale mail        |       |    30 ||    30
Dodge: Dodged            |   125 |    90 ||   215
